 Dungeon Crawl Stone Soup version 0.23.2 (webtiles) character file.

Game seed: 620809908685709146

7 FessEmpty the Grave Robber (level 2, 0/20 HPs)
             Began as a Ghoul Necromancer on Apr 8, 2019.
             Killed from afar by a dart slug (3 damage)
             ... with a slug dart
             ... on level 1 of the Dungeon.
             The game lasted 00:01:19 (328 turns).

FessEmpty the Grave Robber (Ghoul Necromancer)       Turns: 328, Time: 00:01:19

Health: 0/20       AC:  2    Str: 11    XL:     2   Next: 4%
Magic:  0/3        EV: 12    Int: 10    God:
Gold:   52         SH:  0    Dex:  9    Spells: 2/4 levels left

rFire    . . .     SeeInvis .   (no weapon)
rCold    + . .     Gourm    .   (no shield)
rNeg     + + +     Faith    .   a - +0 robe
rPois    ∞         Spirit   .   (no helmet)
rElec    .         Reflect  .   (no cloak)
rCorr    .         Harm     .   (no gloves)
MR       .....                  (no boots)
Stlth    ++........             (no amulet)
HPRegen  0.00/turn              (no ring)
MPRegen  0.08/turn              (no ring)

@: rotting
A: rotting body, claws 1, carnivore, cold resistance 1, negative energy
resistance 3, inhibited regeneration, torment resistance, unbreathing
a: no special abilities


You were on level 1 of the Dungeon.
You were not hungry.

You visited 1 branch of the dungeon, and saw 1 of its levels.

You collected 52 gold pieces.

Inventory:

Armour
 a - a +0 robe (worn)
Scrolls
 d - a scroll of remove curse {unknown}
 g - a scroll of identify {unknown}
 i - a scroll of immolation {unknown}
Potions
 e - a potion of degeneration {unknown}
 f - a potion of curing {unknown}
 h - 2 potions of magic {unknown}
 j - a potion of flight {unknown}
Comestibles
 b - 7 chunks of flesh
 c - a ration


   Skills:
 + Level 0.2 Fighting
 + Level 1.9 Dodging
 + Level 2.2 Stealth
 + Level 1.8 Spellcasting
 + Level 4.2 Necromancy


You had 2 spell levels left.
You knew the following spells:

 Your Spells              Type           Power        Failure   Level  Hunger
a - Pain                  Necr           #...         5%          1    ##.....
b - Animate Skeleton      Necr           N/A          5%          1    ##.....

Your spell library contained the following spells:

 Spells                   Type           Power        Failure   Level  Hunger
 Vampiric Draining        Necr           #.........   17%         3    ####...
 Regeneration             Chrm/Necr      #.........   38%         3    ####...
 Animate Dead             Necr           N/A          50%         4    #####..


Dungeon Overview and Level Annotations

Branches:
Dungeon (1/15)

Altars:


Innate Abilities, Weirdness & Mutations

Your body is rotting away.
You thrive on raw meat.
You are immune to poison.
You have sharp fingernails.
You are carnivorous and can eat meat at any time.
Your flesh is cold resistant. (rC+)
You are immune to negative energy. (rN+++)
You do not regenerate when monsters are visible.
You are immune to unholy pain and torment.
You can survive without breathing.


Message History

Welcome, FessEmpty the Ghoul Necromancer.
Will you be the one to retrieve the fabulous Orb of Zot from the depths?
Press ? for a list of commands and other information.
Found a scroll labeled GAYZACUETO, 8 gold pieces and 3 javelins.
Found a staircase leading out of the dungeon.
Saving game... please wait.
Welcome back, FessEmpty the Ghoul Necromancer.
Press ? for a list of commands and other information.
A bat and a rat come into view.
You see here a scroll labeled GAYZACUETO.
The bat hits you.
The rat twitches its whiskers.
You miss the bat. The bat hits you but does no damage. The bat hits you.
You closely miss the bat. The bat closely misses you.
You closely miss the bat. The bat barely misses you. The bat barely misses you.
The rat completely misses you.
You completely miss the bat. The bat misses you. The rat bites you.
You scratch the rat.
You kill the rat!
The bat closely misses you. x2
The bat completely misses you. The bat hits you but does no damage.
Really walk into a travel-excluded area? [Y]es or [N]o only, please.
Really walk into a travel-excluded area? [Y]es or [N]o only, please.
Really walk into a travel-excluded area? [Y]es or [N]o only, please.
Really walk into a travel-excluded area? [Y]es or [N]o only, please.
Really walk into a travel-excluded area? [Y]es or [N]o only, please.
Really walk into a travel-excluded area? [Y]es or [N]o only, please.
Really walk into a travel-excluded area? [Y]es or [N]o only, please.
Really walk into a travel-excluded area? [Y]es or [N]o only, please.
Really walk into a travel-excluded area? [Y]es or [N]o only, please.
Really walk into a travel-excluded area? [Y]es or [N]o only, please.
Really walk into a travel-excluded area? [Y]es or [N]o only, please.
Really walk into a travel-excluded area? [Y]es or [N]o only, please.
Really walk into a travel-excluded area? [Y]es or [N]o only, please.
Really walk into a travel-excluded area? [Y]es or [N]o only, please.
Really walk into a travel-excluded area? [Y]es or [N]o only, please.
Really walk into a travel-excluded area? [Y]es or [N]o only, please.
Really walk into a travel-excluded area? [Y]es or [N]o only, please.
Really walk into a travel-excluded area? [Y]es or [N]o only, please.
Really walk into a travel-excluded area? [Y]es or [N]o only, please.
Really walk into a travel-excluded area? [Y]es or [N]o only, please.
Really walk into a travel-excluded area? [Y]es or [N]o only, please.
Really walk into a travel-excluded area?
The bat hits you but does no damage. The bat misses you.
The bat barely misses you.
You scratch the bat.
You kill the bat!
No target in view!
You butcher the rat corpse.
b - a chunk of flesh You see here a rat skeleton. x2
d - a scroll labeled GAYZACUETO You now have 8 gold pieces.
A rat comes into view.
Casting: Pain (safe; 6% risk of failure)
Confirm with . or Enter, or press ? or * to list all spells.
Aiming: Pain (safe; 6% risk of failure)
Press: ? - help, Shift-Dir - straight line, f - rat
Aim: a rat (chance to defeat MR: 76%)
The rat writhes in agony.
You kill the rat!
e - a grey potion Magic restored.
You open the door.
HP restored.
A giant cockroach comes into view.
You see here 8 gold pieces.
You now have 16 gold pieces (gained 8).
Casting: Pain (safe; 6% risk of failure)
Confirm with . or Enter, or press ? or * to list all spells.
Aiming: Pain (safe; 6% risk of failure)
Press: ? - help, Shift-Dir - straight line, f - giant cockroach
Aim: a giant cockroach (clinging, chance to defeat MR: 76%)
The giant cockroach writhes in agony.
You kill the giant cockroach!
Found a stone staircase leading down.
You now have 24 gold pieces (gained 8).
You see here a hunting sling.
f - an emerald potion A bat comes into view.
Casting: Pain (safe; 6% risk of failure)
Confirm with . or Enter, or press ? or * to list all spells.
Aiming: Pain (safe; 6% risk of failure)
Press: ? - help, Shift-Dir - straight line, f - bat
Aim: a bat (resting, chance to defeat MR: 76%)
The bat writhes in agony.
The bat hits you but does no damage.
Casting: Pain (safe; 6% risk of failure)
Confirm with . or Enter, or press ? or * to list all spells.
Aiming: Pain (safe; 6% risk of failure)
Press: ? - help, Shift-Dir - straight line, f/p - bat
Aim: a bat (moderately wounded, chance to defeat MR: 76%)
The bat writhes in agony.
You kill the bat!
You butcher the bat corpse.
b - 2 chunks of flesh (gained 1)
You see here a bat skeleton. x2
g - a scroll labeled SYMOANN HANIOT You now have 30 gold pieces (gained 6).
Some of the chunks of flesh in your inventory have rotted away.
A hobgoblin comes into view.
Casting: Pain (safe; 6% risk of failure)
Confirm with . or Enter, or press ? or * to list all spells.
You can't see any susceptible monsters within range! (Use Z to cast anyway.)
The hobgoblin shouts!
You hear a shout!
Casting: Pain (safe; 6% risk of failure)
Confirm with . or Enter, or press ? or * to list all spells.
Aiming: Pain (safe; 6% risk of failure)
Press: ? - help, Shift-Dir - straight line, f - hobgoblin
Aim: a hobgoblin (chance to defeat MR: 76%)
The hobgoblin writhes in agony.
A hobgoblin comes into view.
Casting: Pain (safe; 6% risk of failure)
Confirm with . or Enter, or press ? or * to list all spells.
Aiming: Pain (safe; 6% risk of failure)
Press: ? - help, Shift-Dir - straight line, f/p - hobgoblin
Aim: a hobgoblin (heavily wounded, chance to defeat MR: 76%)
The hobgoblin writhes in agony.
You kill the hobgoblin!
You scratch the hobgoblin.
The hobgoblin is heavily wounded.
The hobgoblin hits you.
You scratch the hobgoblin.
You kill the hobgoblin!
You have reached level 2!
You butcher the hobgoblin corpse.
b - 3 chunks of flesh (gained 2)
You see here a hobgoblin skeleton. x2
You butcher the hobgoblin corpse.
b - 7 chunks of flesh (gained 4)
You see here a hobgoblin skeleton. x2
Found a stone staircase leading down.
Found 26 stones.
You now have 44 gold pieces (gained 14).
h - 2 smoky golden potions Memorise Animate Skeleton, consuming 1 spell level and leaving 2?
You start memorising the spell.
You continue memorising.
You finish memorising.
Spell assigned to 'b'.
i - a scroll labeled CIUKOO OCUORUD
j - a sapphire potion
Found a stone staircase leading down.
Found a chain mail.
You now have 52 gold pieces (gained 8).
You see here a chain mail.
Found 19 sling bullets.
A dart slug comes into view.
Found 9 gold pieces and a spear.
Casting: Pain (safe; 5% risk of failure)
Confirm with . or Enter, or press ? or * to list all spells.
Aiming: Pain (safe; 5% risk of failure)
Press: ? - help, Shift-Dir - straight line, f - dart slug
Aim: a dart slug (clinging, chance to defeat MR: 76%)
The dart slug writhes in agony.
The dart slug launches a dart at you. The slug dart hits you.
Casting: Pain (safe; 5% risk of failure)
Confirm with . or Enter, or press ? or * to list all spells.
Aiming: Pain (safe; 5% risk of failure)
Press: ? - help, Shift-Dir - straight line, f/p - dart slug
Aim: a dart slug (heavily wounded, clinging, chance to defeat MR: 76%)
The dart slug writhes in agony.
Casting: Pain (safe; 5% risk of failure)
Confirm with . or Enter, or press ? or * to list all spells.
Aiming: Pain (safe; 5% risk of failure)
Press: ? - help, Shift-Dir - straight line, f/p - dart slug
Aim: a dart slug (almost dead, clinging, chance to defeat MR: 76%)
The dart slug barely resists.
The dart slug launches a dart at you. The slug dart hits you.
The dart slug launches a dart at you. The slug dart hits you!
* * * LOW HITPOINT WARNING * * *
The dart slug launches a dart at you. The slug dart hits you.
You die...

#...#.......#
#...#..#..#.#+##...
##..#.......#
#........≈..+.....#
#>.#..#..#.#
#<....÷.§§8.####..#
#..#..#....#
#.......§§..+.....#
#..#..#..#.#
#...#..#..#.#+##..#
#..#####.#.#
#...........#.#.... #...
..#.# #.......(...#'#....
#######.###########.###....##
............@..............##
#######w######.#...##........
#..$....w....)# ##........
#.##.(.######## #......##
#.... ##........ ....##
........## #..... ...........
###### ........... #.##.#####


You could see a dart slug.

Vanquished Creatures
  2 bats (D:1)
  A giant cockroach (D:1)
  2 hobgoblins (D:1)
  2 rats (D:1)
7 creatures vanquished.

Notes
Turn   | Place    | Note
-------+----------+-------------------------------------------
     0 | D:1      | FessEmpty the Ghoul Necromancer began the quest for the
                  | Orb.
     0 | D:1      | Reached XP level 1. HP: 14/14 MP: 2/2
   257 | D:1      | Reached XP level 2. HP: 15/20 MP: 0/3
   284 | D:1      | Learned a level 1 spell: Animate Skeleton
   328 | D:1      | Killed from afar by a dart slug

Action                   || total
-------------------------++-------
Melee: Unarmed           ||     8
 Cast: Pain              ||     9
Armor: Robe              ||     4
Dodge: Dodged            ||    10
